 Dungeon Crawl Stone Soup version 0.26.1-11-gd32895ea62 (webtiles) character file.

Game seed: 14175976993749625071

196 dtburroughs the Skirmisher (level 5, -2/47 HPs)
             Began as a Minotaur Berserker on June 15, 2021.
             Was a Priest of Trog.
             Slain by a gnoll
             ... wielding a +0 spear
              (8 damage)
             ... on level 3 of the Dungeon.
             The game lasted 00:03:57 (3336 turns).

dtburroughs the Skirmisher (Minotaur Berserker)     Turns: 3336, Time: 00:03:58

Health: -2/47      AC:  3    Str: 21    XL:     5   Next: 45%
Magic:  4/4        EV: 13    Int:  5    God:    Trog [***...]
Gold:   99         SH:  0    Dex: 10    Spells: 4/4 levels left

rFire    . . .     SeeInvis .   a - +0 hand axe
rCold    . . .     Faith    .   (no shield)
rNeg     . . .     Spirit   .   b - +0 animal skin
rPois    .         Reflect  .   (helmet restricted)
rElec    .         Harm     .   (no cloak)
rCorr    .         Rampage  .   h - +0 pair of gloves
Will     ++...                  (no boots)
Stlth    +.........             (no amulet)
HPRegen  1.15/turn              (no ring)
MPRegen  0.09/turn              (no ring)

@: regenerating
A: retaliatory headbutt, horns 2
a: Renounce Religion, Berserk, Trog's Hand


You were on level 3 of the Dungeon.
You worshipped Trog.
Trog was most pleased with you.
You visited 1 branch of the dungeon, and saw 3 of its levels.

You collected 99 gold pieces.

Inventory:

Hand Weapons
 a - a +0 hand axe (weapon)
 q - a +0 whip of freezing
Armour
 b - a +0 animal skin (worn)
 h - a +0 pair of gloves (worn)
 m - a +2 pair of gloves
Jewellery
 d - an uncursed ring of positive energy {unknown}
 k - a +4 ring of protection {unknown}
Wands
 o - a wand of flame (10)
Scrolls
 c - a scroll of fog {unknown}
 f - 2 scrolls of teleportation {unknown}
 i - a scroll of noise {unknown}
 l - a scroll of fear {unknown}
 n - a scroll of random uselessness {unknown}
Potions
 e - 2 potions of flight {unknown}
 g - a potion of degeneration {unknown}
 j - a potion of heal wounds {unknown}
 p - a potion of curing {unknown}


   Skills:
 + Level 4.8 Fighting
 + Level 4.8 Axes
 + Level 4.0 Armour
 + Level 3.6 Dodging


You had 4 spell levels left.
You didn't know any spells.
Your spell library was empty.

Dungeon Overview and Level Annotations

Branches:
Dungeon (3/15)

Altars:
Cheibriados
Kikubaaqudgha
Makhleb
Xom
The Shining One


Innate Abilities, Weirdness & Mutations

You reflexively headbutt those who attack you in melee.
You have a pair of horns on your head.


Message History

You barely miss the orc wizard. Your headbutt misses the orc wizard.
The orc wizard gestures at you while chanting.
The puff of frost hits you.
You closely miss the orc wizard.
The orc wizard hits you with a +0 dagger.
* * * LOW HITPOINT WARNING * * *
You hit the orc wizard.
You headbutt the orc wizard, but do no damage.
The orc wizard is lightly wounded.
The orc wizard casts a spell at you. The puff of flame hits you!
* * * LOW HITPOINT WARNING * * *
The gnoll closely misses you.
You hit the orc but do no damage.
The gnoll hits you from afar with a +0 spear.
* * * LOW HITPOINT WARNING * * *
A gnoll comes into view.
You closely miss the orc. The orc hits you but does no damage.
The gnoll hits you from afar with a +0 spear!
You die...

##...#.....#..#
#.#####..)...###.#..#
#............# #.<..#
...####......###.##.#
# #....#((>(.##.# ##.
#.#.#########.# ##...
#.#..... .#
#....g###)#..## ##
....goo@.....#
.....g#####.## g#...
.# ##. # #


You could see an orc wizard, 4 gnolls and an orc.

Vanquished Creatures
  A hound (D:2)
  Robin (D:3)
  6 adders
  A shadow imp (D:2)
  2 leopard geckos
  5 orcs (D:3)
  11 bats
  A bat zombie (D:2)
  3 giant cockroaches
  11 goblins
  16 hobgoblins
  A quokka (D:3)
  4 ball pythons
  10 frilled lizards
  6 kobolds
  4 rats
  A rat zombie (D:2)
84 creatures vanquished.

Vanquished Creatures (others)
  2 goblins (D:3)
2 creatures vanquished.

Grand Total: 86 creatures vanquished

Notes
Turn   | Place    | Note
-------+----------+-------------------------------------------
     0 | D:1      | dtburroughs the Minotaur Berserker began the quest for the
                  | Orb.
     0 | D:1      | Reached XP level 1. HP: 19/19 MP: 0/0
   258 | D:1      | Reached XP level 2. HP: 26/27 MP: 1/1
   761 | D:1      | Reached XP level 3. HP: 33/33 MP: 2/2
  1499 | D:2      | Reached XP level 4. HP: 31/40 MP: 3/3
  1508 | D:2      | Reached ** piety under Trog
  2106 | D:2      | Found a burning altar of Makhleb.
  2391 | D:2      | Found an ancient bone altar of Kikubaaqudgha.
  2446 | D:3      | Noticed Robin
  2471 | D:3      | Killed Robin
  2472 | D:3      | Reached XP level 5. HP: 5/47 MP: 4/4
  2920 | D:3      | Found a snail-covered altar of Cheibriados.
  2951 | D:3      | Found a shimmering altar of Xom.
  3010 | D:3      | Found a glowing golden altar of the Shining One.
  3044 | D:3      | Reached *** piety under Trog
  3336 | D:3      | Slain by a gnoll

Illustrated notes

Levels and vault maps discovered:
D:1:      tarquinn_simple_flora_water_f, layout_loops_cross
D:2:      layout_basic, makhleb_heckhound_becter,
          lemuel_zombie_altar_kikubaaqudgha
D:3:      layout_loops_ring, tso_metal_star, nicolae_qazlal_general_emergency,
          grunt_temple_overflow_open, grunt_decor_arrowhead,
          uniq_crazy_yiuf_cottage, uniq_robin

Skill      XL: |  1  2  3  4  5 |
---------------+----------------+-----
Axes           | 4 |  4.8
Fighting       | 4 |  4.8
Armour         | 3 4 |  4.0
Dodging        | 3 |  3.6

Action                   |  1- 3 |  4- 6 || total
-------------------------+-------+-------++-------
Melee: Hand axe          |    81 |   109 ||   190
       Headbutt          |    17 |    17 ||    34
Invok: Trog's Hand       |       |     1 ||     1
Armor: Animal skin       |    20 |    26 ||    46
Dodge: Dodged            |    58 |    67 ||   125
